PUBAAA
REGINA ROUGHRIDERS @ BORDER CITY BUCK$
09/07/1969
 
TOP OF THE 1ST
Regina Roughriders batting - Pitching for Border City Buck$ : RHP Mark Mathews
Pitching: RHP Mark Mathews
Batting: RHB Ronald Lawson 0-0: Foul Ball, location: 2F
0-1: Foul Ball, location: 2F
0-2: Strikes out swinging
Batting: LHB Tomás Rodríguez 0-0: Called Strike
0-1: Ball
1-1: Ball
2-1: Foul Ball, location: 2F
2-2: Foul Ball, location: 2F
2-2: SINGLE (Flyball, 78S, EV 91.9 MPH)
Batting: RHB Noel Byrd 0-0: Called Strike
0-1: Swinging Strike
0-2: Strikes out swinging
Batting: LHB Alfredo Gonzáles 0-0: Foul Ball, location: 2F
0-1: Foul Ball, location: 2F
0-2: Strikes out swinging
Top of the 1st over - 0 runs, 1 hit, 0 errors, 1 left on base; Regina 0 - Border City 0
BOTTOM OF THE 1ST
Border City Buck$ batting - Pitching for Regina Roughriders : RHP Pancho Rodríguez
Pitching: RHP Pancho Rodríguez
Batting: LHB Tommy McCraw 0-0: Foul Ball, location: 2F
0-1: Ball
1-1: Swinging Strike
1-2: Fly out, F1 (Line Drive, P, EV 72.5 MPH)
Batting: LHB Harry Hamilton 0-0: Fly out, F9 (Flyball, 89M, EV 88.8 MPH)
Batting: RHB Clay Miller 0-0: Ball
1-0: Fly out, F8 (Flyball, 89S, EV 92.5 MPH)
Bottom of the 1st over - 0 runs, 0 hits, 0 errors, 0 left on base; Regina 0 - Border City 0
TOP OF THE 2ND
Regina Roughriders batting - Pitching for Border City Buck$ : RHP Mark Mathews
Batting: LHB Martin Hampton 0-0: Called Strike
0-1: Foul Ball, location: 2F
0-2: Foul Ball, location: 2F
0-2: Ball
1-2: Ball
2-2: SOLO HOME RUN (Flyball, 9LD, EV 92.5 MPH), Distance : 330 ft
Batting: RHB Bob Morgan 0-0: Called Strike
0-1: Foul Ball, location: 2F
0-2: Ball
1-2: Foul Ball, location: 2F
1-2: Ball
2-2: Strikes out swinging
Batting: RHB Francis Goff 0-0: Swinging Strike
0-1: Ball
1-1: Ball
2-1: Called Strike
2-2: Reached on error, E3 (Groundball, 34S, EV 78.8 MPH)
Batting: RHB Gregg Hartshorn 0-0: Ball
Francis Goff is caught stealing 2nd base 2-4
1-0: Called Strike
1-1: Called Strike
1-2: Foul Ball, location: 2F
1-2: Ball
2-2: Ball
3-2: Fly out, F7 (Line Drive, 7, EV 93.8 MPH)
Top of the 2nd over - 1 run, 1 hit, 1 error, 0 left on base; Regina 1 - Border City 0
BOTTOM OF THE 2ND
Border City Buck$ batting - Pitching for Regina Roughriders : RHP Pancho Rodríguez
Batting: LHB Dave May 0-0: Ball
1-0: Fly out, F8 (Flyball, 78M, EV 90.6 MPH)
Batting: RHB Fraser Robinson 0-0: Swinging Strike
0-1: Ball
1-1: Fly out, F6 (Line Drive, 6, EV 71.2 MPH)
Batting: RHB Frank Robinson 0-0: Called Strike
0-1: Foul Ball, location: 2F
0-2: Ball
1-2: Strikes out looking
Bottom of the 2nd over - 0 runs, 0 hits, 0 errors, 0 left on base; Regina 1 - Border City 0
TOP OF THE 3RD
Regina Roughriders batting - Pitching for Border City Buck$ : RHP Mark Mathews
Batting: RHB Johnathan Jackson 0-0: Called Strike
0-1: Ball
1-1: Ball
2-1: Swinging Strike
2-2: Strikes out swinging
Batting: RHB Ronald Lawson 0-0: Foul Ball, location: 2F
0-1: Called Strike
0-2: Foul Ball, location: 2F
0-2: Ball
1-2: Strikes out swinging
Batting: LHB Tomás Rodríguez 0-0: Ball
1-0: Called Strike
1-1: Foul Ball, location: 2F
1-2: Reached on error, E2 (Groundball, 2L, EV 66.2 MPH)
Batting: RHB Noel Byrd 0-0: Ball
1-0: Ball
2-0: Ball
3-0: Base on Balls
Batting: LHB Alfredo Gonzáles 0-0: Ball
1-0: Ball
2-0: Ball
3-0: Called Strike
3-1: Called Strike
3-2: Foul Ball, location: 2F
3-2: Foul Ball, location: 2F
3-2: Base on Balls
Tomás Rodríguez to third
Noel Byrd to second
Batting: LHB Martin Hampton 0-0: Swinging Strike
0-1: Ball
1-1: Ball
2-1: Ball
3-1: Base on Balls
Tomás Rodríguez scores
Noel Byrd to third
Alfredo Gonzáles to second
Batting: RHB Bob Morgan 0-0: Ground out 6-3 (Groundball, 56, EV 105.6 MPH)
Top of the 3rd over - 1 run, 0 hits, 1 error, 3 left on base; Regina 2 - Border City 0
BOTTOM OF THE 3RD
Border City Buck$ batting - Pitching for Regina Roughriders : RHP Pancho Rodríguez
Batting: RHB Bobby Knoop 0-0: Swinging Strike
0-1: Foul Ball, location: 2F
0-2: Strikes out looking
Batting: RHB Roberto Sánchez 0-0: SINGLE (Line Drive, 9S, EV 106.2 MPH)
Batting: RHB Bob Daniel 0-0: Ball
1-0: Grounds into double play, 5-4-3 (Groundball, 5, EV 85.6 MPH)
Bottom of the 3rd over - 0 runs, 1 hit, 0 errors, 0 left on base; Regina 2 - Border City 0
TOP OF THE 4TH
Regina Roughriders batting - Pitching for Border City Buck$ : RHP Mark Mathews
Batting: RHB Francis Goff 0-0: Ball
1-0: Ball
2-0: Fly out, F9 (Flyball, 9LS, EV 94.4 MPH)
Batting: RHB Gregg Hartshorn 0-0: Called Strike
0-1: Fly out, F6 (Popup, 6S, EV 81.2 MPH)
Batting: RHB Johnathan Jackson 0-0: Called Strike
0-1: Ball
1-1: Swinging Strike
1-2: Strikes out swinging
Top of the 4th over - 0 runs, 0 hits, 0 errors, 0 left on base; Regina 2 - Border City 0
BOTTOM OF THE 4TH
Border City Buck$ batting - Pitching for Regina Roughriders : RHP Pancho Rodríguez
Batting: LHB Tommy McCraw 0-0: Called Strike
0-1: Fly out, F9 (Flyball, 9LM, EV 87.5 MPH)
Batting: LHB Harry Hamilton 0-0: Ball
1-0: Ground out 4-3 (Groundball, 4S, EV 76.9 MPH)
Batting: RHB Clay Miller 0-0: Ground out U3 (Groundball, 34, EV 78.8 MPH)
Bottom of the 4th over - 0 runs, 0 hits, 0 errors, 0 left on base; Regina 2 - Border City 0
TOP OF THE 5TH
Regina Roughriders batting - Pitching for Border City Buck$ : RHP Mark Mathews
Batting: RHB Ronald Lawson 0-0: Ball
1-0: Ground out 3-1 (Groundball, 34S, EV 84.4 MPH)
Batting: LHB Tomás Rodríguez 0-0: Called Strike
0-1: Foul Ball, location: 2F
0-2: Ball
1-2: Ball
2-2: Ground out 4-3 (Groundball, 4, EV 96.9 MPH)
Batting: RHB Noel Byrd 0-0: Ball
1-0: Ball
2-0: Foul Ball, location: 2F
2-1: Ball
3-1: Called Strike
3-2: Fly out, F8 (Flyball, 8RD, EV 107.5 MPH)
Top of the 5th over - 0 runs, 0 hits, 0 errors, 0 left on base; Regina 2 - Border City 0
BOTTOM OF THE 5TH
Border City Buck$ batting - Pitching for Regina Roughriders : RHP Pancho Rodríguez
Batting: LHB Dave May 0-0: Called Strike
0-1: Fly out, F6 (Popup, 6MS, EV 85.6 MPH)
Batting: RHB Fraser Robinson 0-0: DOUBLE (Line Drive, 78D, EV 109.4 MPH)
Batting: RHB Frank Robinson 0-0: Foul Ball, location: 2F
0-1: Ground out 5-3 (Groundball, 56S, EV 75.6 MPH)
Batting: RHB Bobby Knoop 0-0: Ball
1-0: Ball
2-0: Called Strike
2-1: Ground out 5-3 (Groundball, 5L, EV 86.2 MPH)
Bottom of the 5th over - 0 runs, 1 hit, 0 errors, 1 left on base; Regina 2 - Border City 0
TOP OF THE 6TH
Regina Roughriders batting - Pitching for Border City Buck$ : RHP Mark Mathews
Batting: LHB Alfredo Gonzáles 0-0: Ball
1-0: Ball
2-0: Fly out, F7 (Line Drive, 7, EV 90.6 MPH)
Batting: LHB Martin Hampton 0-0: Ball
1-0: Ground out 5-3 (Groundball, 56, EV 88.8 MPH)
Batting: RHB Bob Morgan 0-0: Foul Ball, location: 2F
0-1: SINGLE (Flyball, 5D, EV 101.2 MPH)
Batting: RHB Francis Goff 0-0: Called Strike
0-1: Called Strike
0-2: Foul Ball, location: 2F
0-2: Foul Ball, location: 2F
0-2: Fielders Choice at 2nd, 5-4 (Groundball, 56, EV 85.6 MPH)
Top of the 6th over - 0 runs, 1 hit, 0 errors, 1 left on base; Regina 2 - Border City 0
BOTTOM OF THE 6TH
Border City Buck$ batting - Pitching for Regina Roughriders : RHP Pancho Rodríguez
Batting: RHB Roberto Sánchez 0-0: Ball
1-0: Called Strike
1-1: SINGLE (Line Drive, 7LS, EV 98.8 MPH)
Batting: RHB Bob Daniel 0-0: Called Strike
0-1: Ball
1-1: SINGLE (Groundball, 34D, EV 95.0 MPH)
Roberto Sánchez to second
Runner from 2nd tries for 3rd, OUT! 9-5
Batting: LHB Tommy McCraw 0-0: Ball
1-0: Ball
2-0: Ball
3-0: Called Strike
3-1: Swinging Strike
3-2: Grounds into double play, 6-4-3 (Groundball, 6, EV 106.9 MPH)
Bottom of the 6th over - 0 runs, 2 hits, 0 errors, 0 left on base; Regina 2 - Border City 0
TOP OF THE 7TH
Regina Roughriders batting - Pitching for Border City Buck$ : RHP Mark Mathews
Batting: RHB Gregg Hartshorn 0-0: Ball
1-0: Foul Ball, location: 2F
1-1: Foul Ball, location: 2F
1-2: Strikes out swinging
Batting: RHB Johnathan Jackson 0-0: Ball
1-0: Called Strike
1-1: Ball
2-1: Foul Ball, location: 2F
2-2: SOLO HOME RUN (Flyball, 78XD, EV 110.6 MPH), Distance : 428 ft
Batting: RHB Ronald Lawson 0-0: Called Strike
0-1: Ball
1-1: Ball
2-1: Foul Ball, location: 2F
2-2: SINGLE (Line Drive, 78M, EV 93.1 MPH)
Batting: LHB Tomás Rodríguez 0-0: Ball
1-0: Ball
2-0: Called Strike
2-1: Foul Ball, location: 2F
2-2: Foul Ball, location: 2F
2-2: DOUBLE (Flyball, 78XD, EV 108.8 MPH)
Ronald Lawson to third
Batting: RHB Noel Byrd 0-0: Ball
1-0: Ball
2-0: Ball
3-0: Called Strike
3-1: Foul Ball, location: 2F
3-2: Foul Ball, location: 2F
3-2: Base on Balls
Pitching: RHP Steve Bowman
Batting: LHB Alfredo Gonzáles 0-0: Foul Ball, location: 2F
0-1: SINGLE (Line Drive, 78M, EV 88.8 MPH)
Ronald Lawson scores
Tomás Rodríguez to third
Noel Byrd to second
Runner from 3rd tries for Home, SAFE, throw by LF to home
Batting: LHB Martin Hampton 0-0: Called Strike
0-1: Ball
Wild Pitch!
Noel Byrd to third
Alfredo Gonzáles to second
1-1: Ball
2-1: Foul Ball, location: 2F
2-2: Ball
3-2: Fly out, F8 (Flyball, 78M, EV 80.6 MPH)
Runner from 3rd tags up, OUT at HOME! 8-2
Top of the 7th over - 3 runs, 4 hits, 0 errors, 1 left on base; Regina 5 - Border City 0
BOTTOM OF THE 7TH
Border City Buck$ batting - Pitching for Regina Roughriders : RHP Pancho Rodríguez
Batting: LHB Harry Hamilton 0-0: Fly out, F4 (Flyball, 4D, EV 83.8 MPH)
Batting: RHB Clay Miller 0-0: Foul Ball, location: 2F
0-1: Swinging Strike
0-2: Ball
1-2: Ball
2-2: Foul Ball, location: 2F
2-2: Fly out, F8 (Line Drive, 8LD, EV 90.6 MPH)
Batting: LHB Dave May 0-0: Called Strike
0-1: Ball
1-1: SINGLE (Groundball, 34D, EV 99.4 MPH)
Batting: RHB Fraser Robinson 0-0: Ball
1-0: Ball
Dave May steals 2nd base
2-0: Fly out, F7 (Line Drive, 7, EV 102.5 MPH)
Bottom of the 7th over - 0 runs, 1 hit, 0 errors, 1 left on base; Regina 5 - Border City 0
TOP OF THE 8TH
Regina Roughriders batting - Pitching for Border City Buck$ : RHP Steve Bowman
Batting: RHB Bob Morgan 0-0: Ball
1-0: Called Strike
1-1: Called Strike
1-2: Hit by Pitch
Batting: RHB Francis Goff 0-0: Ball
1-0: Ball
2-0: Fielders Choice at 2nd, 6-4 (Groundball, 6D, EV 109.4 MPH)
Batting: RHB Gregg Hartshorn 0-0: Swinging Strike
Francis Goff steals 2nd, throwing error, E2
Francis Goff to third
0-1: SINGLE (Popup, 34D, EV 73.1 MPH)
Francis Goff scores
Batting: RHB Johnathan Jackson 0-0: Ball
1-0: Swinging Strike
1-1: Ball
2-1: Grounds into double play, 1-4-3 (Groundball, 15S, EV 73.8 MPH)
Top of the 8th over - 1 run, 1 hit, 1 error, 0 left on base; Regina 6 - Border City 0
BOTTOM OF THE 8TH
Border City Buck$ batting - Pitching for Regina Roughriders : RHP Pancho Rodríguez
Batting: RHB Frank Robinson 0-0: Called Strike
0-1: Ball
1-1: SINGLE (Line Drive, 9S, EV 91.9 MPH)
Batting: RHB Bobby Knoop 0-0: SINGLE (Flyball, 5D, EV 87.5 MPH)
Frank Robinson to second
Batting: RHB Roberto Sánchez 0-0: Foul Ball, location: 2F
0-1: Foul Ball, location: 2F
0-2: Strikes out swinging
Pinch Hitting: RHB Yoshihiro Watanabe 0-0: Called Strike
0-1: Foul Ball, location: 2F
0-2: Ball
1-2: SINGLE (Groundball, 56D, EV 105.0 MPH)
Frank Robinson to third
Bobby Knoop to second
Runner from 3rd tries for Home, throw by LF and OUT! 7-2
Batting: LHB Tommy McCraw 0-0: Foul Ball, location: 2F
0-1: Called Strike
0-2: Ball
1-2: Ball
2-2: Fly out, F7 (Flyball, 7D, EV 91.9 MPH)
Bottom of the 8th over - 0 runs, 3 hits, 0 errors, 2 left on base; Regina 6 - Border City 0
TOP OF THE 9TH
Regina Roughriders batting - Pitching for Border City Buck$ : RHP Steve Bowman
Now at SS: Bo Schmidt
Batting: RHB Ronald Lawson 0-0: Called Strike
0-1: Foul Ball, location: 2F
0-2: Ball
1-2: Foul Ball, location: 2F
1-2: Fly out, F5 (Popup, 25F, EV 87.5 MPH)
Batting: LHB Tomás Rodríguez 0-0: Foul Ball, location: 2F
0-1: Called Strike
0-2: Ball
1-2: Strikes out swinging
Batting: RHB Noel Byrd 0-0: Fly out, F4 (Popup, 4M, EV 70.0 MPH)
Top of the 9th over - 0 runs, 0 hits, 0 errors, 0 left on base; Regina 6 - Border City 0
BOTTOM OF THE 9TH
Border City Buck$ batting - Pitching for Regina Roughriders : RHP Pancho Rodríguez
Batting: LHB Harry Hamilton 0-0: Called Strike
0-1: Fly out, F9 (Line Drive, 9, EV 98.1 MPH)
Batting: RHB Clay Miller 0-0: Ground out 1-3 (Groundball, 25, EV 69.4 MPH)
Batting: LHB Dave May 0-0: Called Strike
0-1: Swinging Strike
0-2: Ball
1-2: Foul Ball, location: 2F
1-2: Strikes out looking
Bottom of the 9th over - 0 runs, 0 hits, 0 errors, 0 left on base; Regina 6 - Border City 0
Tuesday, January 31st , 2023 - OOTP Baseball 22.11 Build 82